 Dungeon Crawl Stone Soup version 0.21-a0-201-g8501b10 (webtiles) character file.

148 Lavandula the Magician (level 5, 0/38 HPs)
             Began as a Ghoul Ice Elementalist on Aug 18, 2017.
             Slain by a hippogriff (1 damage)
             ... on level 4 of the Dungeon.
             The game lasted 00:09:22 (1343 turns).

Lavandula the Magician (Ghoul Ice Elementalist)     Turns: 1343, Time: 00:09:23

Health: 0/38       AC:  2    Str: 12    XL:     5   Next: 30%
Magic:  7/10       EV: 12    Int: 11    God:
Gold:   72         SH:  0    Dex:  9    Spells: 0/12 levels left

rFire    . . .     SeeInvis .   (no weapon)
rCold    + . .     Gourm    .   (no shield)
rNeg     + + +     Faith    .   a - +0 robe
rPois    ∞         Spirit   .   (no helmet)
rElec    .         Reflect  .   (no cloak)
rCorr    .         Harm     .   (no gloves)
MR       .....                  (no boots)
Stlth    ++........             (no amulet)
HPRegen  0.00/turn              (no ring)
MPRegen  0.12/turn              (no ring)

@: very slightly contaminated, rotting
A: rotting body, claws 1, carnivore 3, cold resistance 1, negative energy
resistance 3, inhibited regeneration, torment resistance, unbreathing
a: no special abilities


You were on level 4 of the Dungeon.
You were not hungry.

You visited 1 branch of the dungeon, and saw 4 of its levels.

You collected 72 gold pieces.

Inventory:

Armour
 a - a +0 robe (worn)
 e - a +0 shield
Wands
 n - a wand of disintegration (6/24)
Scrolls
 d - a scroll of teleportation {unknown}
 h - 2 scrolls of identify {unknown}
 j - a scroll of remove curse {unknown}
Potions
 f - a potion of agility {unknown}
 k - 2 potions of curing {unknown}
 l - a potion of might {unknown}
 m - a potion of resistance {unknown}
 o - a potion of brilliance {unknown}
 q - 2 potions of degeneration {unknown}
Books
 b - a book of Frost

   Spells                             Type                      Level
   a - Freeze                         Ice                          1
   b - Throw Frost                    Conjuration/Ice              2
   c - Ozocubu's Armour               Charms/Ice                   3
   d - Throw Icicle                   Conjuration/Ice              4
   e - Summon Ice Beast               Ice/Summoning                4
 i - a book of Minor Magic

   Spells                             Type                      Level
   a - Magic Dart                     Conjuration                  1
   b - Blink                          Translocation                2
   c - Call Imp                       Summoning                    2
   d - Slow                           Hexes                        2
   e - Conjure Flame                  Conjuration/Fire             3
   f - Mephitic Cloud                 Conjuration/Poison/Air       3
Comestibles
 c - 2 meat rations
 g - 2 royal jellies
 p - 4 chunks of flesh


   Skills:
 - Level 1.7 Dodging
 - Level 2.1 Stealth
 - Level 4.1 Spellcasting
 - Level 0.7 Conjurations
 - Level 4.0 Ice Magic


You couldn't memorise any spells.
You knew the following spells:

 Your Spells              Type           Power        Failure   Level  Hunger
a - Freeze                Ice            ##..         4%          1    #......
b - Throw Frost           Conj/Ice       #.....       14%         2    ##.....
c - Blink                 Tloc           N/A          34%         2    ##.....
d - Ozocubu's Armour      Chrm/Ice       #.......     30%         3    ###....
e - Summon Ice Beast      Ice/Summ       #.......     71%         4    #####..


Dungeon Overview and Level Annotations

Branches:
Dungeon (4/15)
 Temple: D:4-7

Altars:
Fedhas
Qazlal
Sif Muna
Yredelemnul


Innate Abilities, Weirdness & Mutations

Your body is rotting away.
You thrive on raw meat.
You are immune to poison.
You have sharp fingernails.
You are carnivorous and can eat meat at any time.
Your flesh is cold resistant. (rC+)
You are immune to negative energy. (rN+++)
You do not regenerate when monsters are visible.
You are immune to unholy pain and torment.
You can survive without breathing.


Message History

* * * LOW HITPOINT WARNING * * *
Casting: Freeze
Confirm with . or Enter, or press ? or * to list all spells.
Aiming: Freeze
Press: ? - help, Shift-Dir - straight line, f/p - hippogriff
Aim: a hippogriff (severely wounded)
You freeze the hippogriff.
The hippogriff is almost dead.
The hippogriff misses you. The hippogriff pecks you!
* * * LOW HITPOINT WARNING * * *
The hippogriff claws you but does no damage.
Casting: Freeze
Confirm with . or Enter, or press ? or * to list all spells.
Aiming: Freeze
Press: ? - help, Shift-Dir - straight line, f/p - hippogriff
Aim: a hippogriff (almost dead)
You freeze the hippogriff.
The hippogriff is almost dead.
The hippogriff bites you.
You die...

###..# ####.## ##.#
#.... #.### ###.... ####
#...###..(... ....#
#.#.....#.... .....#
#.....###....
......######.##.## #....
.............##..###..##
.......@...#.###......#
......H##..........)..#
......# #.............#
..$... #.............#
..... #.............#
....# #...........<.#
#### #.....(.......#
#.......#######
#.......#


You could see a hippogriff.

Vanquished Creatures
  A scorpion (D:4)
  A hound (D:3)
  An iguana (D:4)
  A leopard gecko (D:4)
  5 orcs
  A ball python (D:4)
  A giant cockroach (D:1)
  7 goblins
  4 hobgoblins
  5 jackals
  2 kobolds (D:3)
  A quokka (D:3)
  3 frilled lizards
  4 rats
37 creatures vanquished.

Notes
Turn   | Place    | Note
-------+----------+-------------------------------------------
     0 | D:1      | Lavandula the Ghoul Ice Elementalist began the quest for the Orb.
     0 | D:1      | Reached XP level 1. HP: 14/14 MP: 2/2
     1 | D:1      | Noticed an electric eel
   180 | D:2      | Reached XP level 2. HP: 19/19 MP: 0/3
   184 | D:2      | Learned a level 2 spell: Throw Frost
   515 | D:3      | Found a deep blue altar of Sif Muna.
   526 | D:3      | Learned a level 2 spell: Blink
   604 | D:3      | Reached XP level 3. HP: 11/26 MP: 0/5
   644 | D:3      | Found a basalt altar of Yredelemnul.
   810 | D:4      | Found a blossoming altar of Fedhas.
   815 | D:4      | Noticed a scorpion
   830 | D:4      | Killed a scorpion
   830 | D:4      | Reached XP level 4. HP: 7/32 MP: 0/8
   847 | D:4      | Found a stormy altar of Qazlal.
   968 | D:4      | Learned a level 3 spell: Ozocubu's Armour
  1187 | D:3      | Reached XP level 5. HP: 23/38 MP: 4/9
  1274 | D:4      | Learned a level 4 spell: Summon Ice Beast
  1336 | D:4      | Noticed a hippogriff
  1342 | D:4      | HP: 1/38 [hippogriff (7)]
  1343 | D:4      | Slain by a hippogriff

Vault maps used:
D:1:      arrival_aquarium_a
D:2:      kennysheep_okawaru_gauntlet, tso_oasis_becter
D:3:      led_sif_book, yredelemnul_altar_generic
D:4:      grunt_temple_overflow_forces_of_nature

Skill      XL: |  1  2  3  4  5 |
---------------+----------------+-----
Ice Magic      | 4 |  4.0
Spellcasting   | 2 3 4 |  4.1
Dodging        | |  1.7
Stealth        | |  2.1
Conjurations   | |  0.7

Action                   |  1- 3 |  4- 6 || total
-------------------------+-------+-------++-------
Melee: Unarmed           |    35 |     7 ||    42
 Cast: Freeze            |    41 |    30 ||    71
Evoke: Wand              |       |     3 ||     3
 Stab: Sleeping          |     1 |     1 ||     2
  Eat: Chunk             |    10 |     9 ||    19
Armor: Robe              |     8 |     3 ||    11
Dodge: Dodged            |    35 |    18 ||    53
